 Dungeon Crawl Stone Soup version 0.23.2-1-ga50397a (webtiles) character file.

Game seed: 249844814714901444

28 Iscandelvey the Vexing (level 3, 26/26 HPs)
             Began as a Demonspawn Arcane Marksman on May 2, 2019.
             Quit the game on level 1 of the Dungeon.
             The game lasted 00:00:33 (591 turns).

Iscandelvey the Vexing (Demonspawn Arcane Marksman)  Turns: 591, Time: 00:00:34

Health: 26/26      AC:  3    Str: 10    XL:     3   Next: 0%
Magic:  4/4        EV: 12    Int: 15    God:
Gold:   39         SH:  0    Dex: 13    Spells: 3/4 levels left

rFire    . . .     SeeInvis .   a - +0 hand crossbow
rCold    . . .     Gourm    .   (no shield)
rNeg     . . .     Faith    .   e - +0 robe
rPois    .         Spirit   .   (no helmet)
rElec    .         Reflect  .   (no cloak)
rCorr    .         Harm     .   (no gloves)
MR       .....                  (no boots)
Stlth    +.........             (no amulet)
HPRegen  0.08/turn              (no ring)
MPRegen  0.09/turn              (no ring)

@: no status effects
A: rugged brown scales 1
a: no special abilities


You were on level 1 of the Dungeon.
You were not hungry.

You visited 1 branch of the dungeon, and saw 1 of its levels.

You collected 39 gold pieces.

Inventory:

Hand Weapons
 a - a +0 hand crossbow (weapon)
Missiles
 d - 7 bolts (quivered)
Armour
 e - a +0 robe (worn)
Jewellery
 b - a +2 amulet of reflection {unknown}
Scrolls
 c - a scroll of fog {unknown}
Potions
 g - a potion of lignification {unknown}
 h - a potion of agility {unknown}
 i - a potion of degeneration {unknown}
Comestibles
 f - 2 rations


   Skills:
 + Level 1.2 Fighting
 + Level 2.5 Crossbows
 + Level 2.0 Dodging
 + Level 1.0 Spellcasting
 + Level 3.3 Hexes


You had 3 spell levels left.
You knew the following spells:

 Your Spells              Type           Power        Failure   Level  Hunger
a - Corona                Hex            ##.....      6%          1    ##.....

Your spell library contained the following spells:

 Spells                   Type           Power        Failure   Level  Hunger
 Slow                     Hex            ##......     10%         2    ###....
 Inner Flame              Hex/Fire       #.......     36%         3    ####...
 Portal Projectile        Hex/Tloc       #.....       36%         3    ####...
 Cause Fear               Hex            ##........   52%         4    #####..
 Leda's Liquefaction      Hex/Erth       #.........   77%         4    #####..


Dungeon Overview and Level Annotations

Branches:
Dungeon (1/15)

Altars:


Innate Abilities, Weirdness & Mutations

You are partially covered in rugged brown scales. (AC +1, +3% HP)


Message History

Aim: a bat (moderately wounded)
You shoot a bolt. The bolt hits the bat!
You kill the bat!
d - 5 bolts (gained 1)
d - 6 bolts (gained 1)
You see here a bat corpse.
d - 7 bolts (gained 1)
You see here a bat corpse.
d - 8 bolts (gained 1)
A bat comes into view.
Firing (i - inventory)
d - 8 bolts (quivered)
Press: ? - help, Shift-Dir - straight line, f - bat
Aim: a bat You shoot a bolt.
The bolt hits the bat!
You kill the bat!
You have reached level 3!
Your experience leads to an increase in your attributes!
Increase (S)trength, (I)ntelligence, or (D)exterity?
You feel clever.
Are you sure you want to abandon this character and quit the game? (Confirm with "yes".)

#...#...###.### #..###..#
#..## . ##..# #..# ##.##
... #...###.#####...
#...#####.#.##........#.
#(....†................
#...#####.....#..####...
.....###....#####.###....
......(.@...# #.##.†...
.....>#....#####.##.....
....( #..####...........
.... #.## #...........
### #.# #).......... ...
#........... ...
#.......#... ...
#.....).#### #.......#


There were no monsters in sight!

Vanquished Creatures
  2 dart slugs (D:1)
  A leopard gecko (D:1)
  4 goblins (D:1)
  3 hobgoblins (D:1)
  3 jackals (D:1)
  3 bats (D:1)
  3 kobolds (D:1)
  2 rats (D:1)
21 creatures vanquished.

Notes
Turn   | Place    | Note
-------+----------+-------------------------------------------
     0 | D:1      | Iscandelvey the Demonspawn Arcane Marksman began the quest
                  | for the Orb.
     0 | D:1      | Reached XP level 1. HP: 15/15 MP: 2/2
   222 | D:1      | Gained mutation: You are partially covered in rugged brown
                  | scales. (AC +1, +3% HP) [demonic ancestry]
   222 | D:1      | Reached XP level 2. HP: 15/21 MP: 3/3
   590 | D:1      | Reached XP level 3. HP: 26/26 MP: 4/4
   591 | D:1      | Quit the game

Skill      XL: |  1  2 |
---------------+-------+-----
Crossbows      | 2 |  2.5
Dodging        | 2 |  2.0
Fighting       | |  1.2
Spellcasting   | |  1.0
Hexes          | |  3.3

Action                   || total
-------------------------++-------
 Fire: Hand crossbow     ||    66
Armor: Robe              ||     8
Dodge: Dodged            ||    23
